 Dungeon Crawl Stone Soup version 0.29-a0-993-g4a18f31a58 (console) character file.

Game seed: 8623990781355929843

1543 capslocke the Grappler (level 8, -2/67 HPs)
             Began as a Ghoul Monk on Aug 3, 2022.
             Was an Elder of Makhleb.
             Slain by Maggie
             ... wielding a +0 morningstar
              (16 damage)
             ... on level 6 of the Dungeon.
             The game lasted 00:18:43 (4761 turns).

capslocke the Grappler (Ghoul Monk)                 Turns: 4761, Time: 00:18:44

Health: -2/67      AC:  5    Str: 17    XL:     8   Next: 87%
Magic:  12/12      EV: 12    Int:  5    God:    Makhleb [****..]
Gold:   265        SH:  0    Dex: 11    Spells: 7/7 levels left

rFire   . . .      SeeInvis +     - Unarmed
rCold   + . .      Faith    .   (no shield)
rNeg    + + +      Spirit   .   e - +0 leather armour
rPois   ∞          Reflect  .   y - +0 helmet
rElec   .          Harm     .   h - +0 cloak
rCorr   .          Rampage  .   (no gloves)
Will    .....                   (no boots)
Stlth   ++........              (no amulet)
HPRegen 0.00/turn               n - ring of see invisible
MPRegen 0.13/turn               (no ring)

@: mesmerised, inhibited regen
A: claws 1, cold resistance 1, negative energy resistance 3, inhibited
regeneration, torment resistance 2, devour on kill
a: Renounce Religion, Minor Destruction, Lesser Servant of Makhleb, Major
Destruction


You were on level 6 of the Dungeon.
You worshipped Makhleb.
Makhleb was greatly pleased with you.
You visited 1 branch of the dungeon, and saw 6 of its levels.

You collected 265 gold pieces.

Inventory:

Hand Weapons
 d - a +2 dagger of flaming
 r - a +2 dagger of venom
Missiles
 k - 6 javelins (quivered)
Armour
 a - a +0 robe
 e - a +0 leather armour (worn)
 h - a +0 cloak (worn)
 y - a +0 helmet (worn)
Jewellery
 l - a ring of flight
 n - a ring of see invisible (left claw)
Wands
 m - a wand of roots (6)
 B - a wand of polymorph (3)
Scrolls
 g - 4 scrolls of noise {unknown}
 i - a scroll of torment {unknown}
 p - 3 scrolls of teleportation
 v - a scroll of acquirement {unknown}
 x - a scroll of summoning {unknown}
Potions
 f - 2 potions of curing
 j - a potion of mutation {unknown}
 o - a potion of magic {unknown}
 q - a potion of resistance
 s - 2 potions of might
 t - a potion of invisibility
 u - a potion of berserk rage {unknown}
 w - 2 potions of attraction {unknown}
 z - a potion of lignification {unknown}
 A - a potion of brilliance


   Skills:
 + Level 4.8 Fighting
 + Level 0.1 Throwing
 - Level 2.8 Dodging
 - Level 2.2 Stealth
 + Level 8.5 Unarmed Combat
 + Level 7.8 Invocations


You had 7 spell levels left.
You didn't know any spells.
Your spell library contained the following spells:

 Spells                   Type           Power      Damage    Failure   Level
 Slow                     Hex            0%         N/A       54%         1
 Poisonous Vapours        Pois/Air       0%         N/A       69%         2
 Confusing Touch          Hex            0%         N/A       89%         3
 Ignite Poison            Fire/Tmut/Pois 0%         N/A       89%         3
 Mephitic Cloud           Conj/Pois/Air  0%         N/A       89%         3
 Vampiric Draining        Necr           0%         2d6       89%         3
 Corpse Rot               Necr/Pois/Air  0%         N/A       100%        4
 Olgreb's Toxic Radiance  Pois           0%         N/A       100%        4
 Freezing Cloud           Conj/Ice/Air   0%         6-21      100%        5
 Metabolic Englaciation   Hex/Ice        0%         N/A       100%        5
 Ozocubu's Refrigeration  Ice            0%         4d7       100%        7
 Ignition                 Fire           0%         3d3       100%        8
 Spider Form              Tmut/Pois      Unusable   N/A       N/A         3

Dungeon Overview and Level Annotations

Branches:
Dungeon (6/15)             Temple (0/1) D:5

Altars:
Makhleb
Vehumet

Annotations:
D:6 Dowan, Duvessa, Maggie


Innate Abilities, Weirdness & Mutations

You are immune to poison.
You have sharp fingernails.
Your flesh is cold resistant. (rC+)
You are immune to negative energy. (rN+++)
You do not regenerate when monsters are visible.
You are immune to unholy pain and torment.
You thrive by killing the living.


Message History

The bolt of fire hits the adder!
The adder dies!
The bolt of fire misses you.
You closely miss Maggie. Maggie hits you with a +0 morningstar.
You claw Maggie!
Maggie is moderately wounded.
You closely miss Maggie.
Maggie is moderately wounded.
Maggie drinks a potion.
Maggie flickers and vanishes for a moment.
You scratch Maggie.
Maggie is moderately wounded.
Maggie mumbles some strange words.
Maggie attempts to bespell you!
You are mesmerised by Maggie!
You barely miss Maggie.
Maggie is moderately wounded.
Maggie gestures at you while chanting. The bolt of fire hits you!
You closely miss Maggie.
Maggie is moderately wounded.
Maggie hits you but does no damage.
You claw Maggie!
Maggie is moderately wounded.
You scratch Maggie.
Maggie is heavily wounded.
Maggie gestures at you while chanting. The bolt of fire hits you!!
You claw Maggie!
Maggie is severely wounded.
Maggie misses you.
You scratch Maggie.
Maggie is severely wounded.
Maggie gestures at you while chanting. The bolt of fire hits you!
* * * LOW HITPOINT WARNING * * *
You scratch Maggie.
Maggie is severely wounded.
Maggie hits you with a +0 morningstar!
You die...

. #.# #.....# ..... .#
##..##.....# ........
..##..##......##..# ....
........#.#......# #....
........#...#..####.....
............##.##.......
............#...........
...........####.....##
##.........# #.@.###
##.........# #.@##
...........# #....
....<.......#....$.
##........#.........
#.....##..#..........
#..#### ####....###...
### ..... ....


You could see Maggie (mesmerising, invisible).

Vanquished Creatures
  The ghost of greasedhog the Shooter, a novice GrHu (D:5)
  Grinder (D:4)
  An ice beast (D:4)
  An orc warrior (D:5)
  An ogre (D:5)
  Blork the orc (D:5)
  A necrophage (D:6)
  3 scorpions (D:5)
  4 hounds (D:5)
  3 orc priests
  A gnoll bouda (D:5)
  2 jellies
  2 orc wizards
  3 adders
  3 gnolls (D:5)
  2 worms
  5 dart slugs
  4 orcs (D:4)
  5 ball pythons
  9 endoplasms
  4 giant cockroaches
  3 goblins
  7 hobgoblins
  13 jackals
  3 quokkas
  6 bats
  A frilled lizard (D:2)
  20 kobolds
  5 rats
115 creatures vanquished.

Vanquished Creatures (others)
  An orc wizard (D:5)
  An adder (D:6)
  2 withered plants (D:5)
4 creatures vanquished.

Grand Total: 119 creatures vanquished

Notes
Turn   | Place    | Note
-------+----------+-------------------------------------------
     0 | D:1      | capslocke the Ghoul Monk began the quest for the Orb.
     0 | D:1      | Reached XP level 1. HP: 19/19 MP: 0/0
   251 | D:1      | Reached XP level 2. HP: 26/26 MP: 1/1
   511 | D:1      | Found a faded altar of an unknown god.
   517 | D:1      | Reached skill level 4 in Unarmed Combat
   517 | D:1      | Reached XP level 3. HP: 32/33 MP: 2/2
   523 | D:1      | Prayed at the altar of an unknown god.
   523 | D:1      | Became a worshipper of Makhleb the Destroyer
   523 | D:1      | Reached * piety under Makhleb
   523 | D:1      | Reached ** piety under Makhleb
   714 | D:1      | Reached *** piety under Makhleb
  1197 | D:2      | Reached XP level 4. HP: 35/40 MP: 3/3
  1243 | D:2      | Found a radiant altar of Vehumet.
  1702 | D:3      | Reached skill level 5 in Unarmed Combat
  1713 | D:3      | Got the Cyclopedia of the Putrid Chill
  2117 | D:4      | Reached skill level 1 in Invocations
  2328 | D:4      | Identified the +2 scale mail of Spring Thaw {Harm Rampage
                  | rF- rCorr}
  2329 | D:4      | Noticed an ice beast
  2342 | D:4      | Killed an ice beast
  2343 | D:4      | Reached XP level 5. HP: 37/46 MP: 3/6
  2573 | D:4      | Reached XP level 6. HP: 51/52 MP: 7/7
  2657 | D:4      | Reached **** piety under Makhleb
  2744 | D:4      | Noticed Grinder
  2745 | D:4      | Paralysed by Grinder for 4 turns
  2753 | D:4      | Paralysed by Grinder for 3 turns
  2758 | D:4      | Killed Grinder
  2759 | D:4      | Reached skill level 5 in Invocations
  2759 | D:4      | Reached XP level 7. HP: 33/59 MP: 7/10
  3045 | D:5      | Entered Level 5 of the Dungeon
  3091 | D:5      | Identified the +7 hand axe "Hobuiry" {elec, rF+ rCorr Str-5
                  | Dex+4}
  3100 | D:5      | Found a staircase to the Ecumenical Temple.
  3109 | D:5      | Reached skill level 6 in Unarmed Combat
  3497 | D:5      | Found a runed translucent door.
  3497 | D:5      | Noticed greasedhog's ghost (novice GrHu)
  3695 | D:5      | Reached XP level 8. HP: 52/67 MP: 12/12
  3956 | D:5      | Killed greasedhog's ghost
  3957 | D:5      | Reached skill level 7 in Unarmed Combat
  4225 | D:6      | Noticed Dowan
  4228 | D:6      | Noticed Duvessa
  4415 | D:5      | Reached skill level 8 in Unarmed Combat
  4667 | D:6      | Noticed Blork the orc
  4676 | D:5      | Killed Blork the orc
  4747 | D:6      | Noticed Maggie
  4761 | D:6      | Slain by Maggie

Illustrated notes

Levels and vault maps discovered:
D:1:      mrwooster_arrival_statue, layout_basic, ebering_ecumenical_altar_webs
D:2:      layout_loops_cross, basic_altar, minmay_pentomino_pile
D:3:      layout_rooms, chequers_serial_rivers_room_b
D:4:      layout_rooms, moated_statue, uniq_grinder
D:5:      layout_basic, temple_fountains, gammafunk_ghost_grave
D:6:      layout_cave_pools, ebering_dispersal_statue_hall, uniq_maggie,
          uniq_blork_the_orc, uniq_edmund, uniq_prince_ribbit1, uniq_duvessa

Skill      XL: |  1  2  3  4  5  6  7  8 |
---------------+-------------------------+-----
Unarmed Combat | 4 5 6 8 |  8.5
Invocations    | 3 5 6 7 |  7.8
Fighting       | 4 |  4.8
Throwing       | |  0.1
Dodging        | |  2.8
Stealth        | |  2.2

Action                   |  1- 3 |  4- 6 |  7- 9 || total
-------------------------+-------+-------+-------++-------
Melee: Unarmed           |   120 |    62 |   157 ||   339
       Punch             |     2 |     1 |     5 ||     8
Throw: Javelin           |       |     1 |       ||     1
Invok: Minor Destruction |     5 |    58 |     6 ||    69
  Use: Scroll            |       |       |     5 ||     5
       Potion            |       |       |     5 ||     5
 Stab: Sleeping          |     2 |       |       ||     2
Armor: Robe              |    14 |       |       ||    14
       Leather armour    |    18 |    15 |    33 ||    66
Dodge: Dodged            |    74 |    33 |    87 ||   194

Table legend: (Time is in decaauts)
 A = Elapsed time spent in this place.
 B = Non-inter-level travel time spent in this place.
 C = Inter-level travel time spent in this place.
 D = Time resting spent in this place.
 E = Time spent auto-exploring this place.
 F = Levels seen in this place.
 G = Mean time per level.
                   A        B        C        D        E       F      G
               +--------+--------+--------+--------+--------+-----+--------+
         Total |   4731 |   4451 |    280 |   1413 |   2130 |   6 |  788.5 |
       Dungeon |   4731 |   4451 |    280 |   1413 |   2130 |   6 |  788.5 |
               +--------+--------+--------+--------+--------+-----+--------+

Top non-repeatable levels by time:
     D:5: 1647 daAuts
     D:1: 1029 daAuts
     D:4: 927 daAuts
     D:2: 653 daAuts
     D:3: 421 daAuts
     D:6: 52 daAuts
